 Dungeon Crawl Stone Soup version 0.24.0-123-gd5b16e6ec5 (webtiles) character file.

Game seed: 16441721849888337379, levelgen mode: deterministic

65462 FishyPogo the Martial Artist (level 15, -7/115 HPs)
             Began as a Gnoll Transmuter on Dec 20, 2019.
             Was a High Priest of Makhleb.
             Killed from afar by an orc sorcerer (19 damage)
             ... with a bolt of fire
             ... on level 2 of the Orcish Mines.
             The game lasted 02:08:20 (19639 turns).

FishyPogo the Martial Artist (Gnoll Transmuter)    Turns: 19639, Time: 02:08:29

Health: -7/115     AC: 18    Str: 23    XL:     15   Next: 16%
Magic:  38/38      EV: 20    Int: 12    God:    Makhleb [*****.]
Gold:   925        SH:  0    Dex: 17    Spells: 6/35 levels left

rFire    . . .     SeeInvis .   P - +7 falchion of Capital Punishment {slice, rN++}
rCold    + . .     Gourm    .   x - +0 buckler "Boiquhie" {+Blink Str+6} (curse)
rNeg     + + +     Faith    +   I - +3 scale mail of the Unstoppable Scars {rN++ MP+9 Int-4 Stlth+}
rPois    +         Spirit   .   W - +1 hat
rElec    .         Reflect  .   T - +2 cloak
rCorr    .         Harm     .   l - +1 pair of gloves
MR       +....     NoTele   +   (no boots)
Stlth    ++........             Y - amulet of faith
HPRegen  1.29/turn              c - ring "Gunijean" {-Tele +Fly rPois EV+3 Stlth+}
MPRegen  0.26/turn              t - ring of protection from cold

@: confused, regenerating
A: distributed training, antennae 1, fangs 1, sense surroundings 1, strong nose
a: Minor Destruction, Lesser Servant of Makhleb, Major Destruction, Greater
Servant of Makhleb, Renounce Religion, Evoke Blink, Evoke Flight


You were on level 2 of the Orcish Mines.
You worshipped Makhleb.
Makhleb was extremely pleased with you.
You were hungry.

You visited 4 branches of the dungeon, and saw 21 of its levels.
You visited 1 bazaar.
You also visited: Sewer and Volcano.

You collected 1878 gold pieces.
You spent 953 gold pieces at shops.

Inventory:

Hand Weapons
 a - the +10 morningstar "Eos" {elec, Halo rElec}
   (You found it on level 5 of the Dungeon)

   Occasionally, upon striking a foe, it will discharge some electrical energy
   and cause terrible harm.
   It insulates you from electricity.
 b - a +7 scimitar of flaming
 P - the +7 falchion of Capital Punishment (weapon) {slice, rN++}
   (You found it on level 6 of the Lair of Beasts)

   It inflicts extra damage upon your enemies.
   It greatly protects you from negative energy.
Missiles
 g - 51 poisoned darts (quivered)
 i - 6 atropa-tipped darts
 j - 2 throwing nets
 m - 31 boomerangs
 n - 13 curare-tipped darts
 B - 8 silver boomerangs
 G - 7 javelins
 Z - 18 arrows
Armour
 l - a +1 pair of gloves (worn)
 x - the cursed +0 buckler "Boiquhie" (worn) {+Blink Str+6}
   (You bought it in a shop in a bazaar)

   It affects your strength (+6).
   It lets you blink.
   It has a curse placed upon it.
 I - the +3 scale mail of the Unstoppable Scars (worn) {rN++ MP+9 Int-4 Stlth+}
   (You found it on level 6 of the Dungeon)

   It affects your intelligence (-4).
   It greatly protects you from negative energy.
   It affects your magic capacity (+9).
   It makes you more stealthy.
 T - a +2 cloak (worn)
 W - a +1 hat (worn)
Jewellery
 c - the ring "Gunijean" (left hand) {-Tele +Fly rPois EV+3 Stlth+}
   (You found it on level 5 of the Lair of Beasts)

   [ring of evasion]

   It affects your evasion (+3).
   It protects you from poison.
   It lets you fly.
   It prevents most forms of teleportation.
   It makes you more stealthy.
 t - a ring of protection from cold (right hand)
 Y - an amulet of faith (around neck)
Wands
 y - a wand of paralysis (9)
 F - a wand of iceblast (22)
 J - a wand of random effects (16)
 O - a wand of digging (9)
 R - a wand of flame (22)
 S - a wand of polymorph (5)
 X - a wand of acid (5)
Scrolls
 h - a scroll of immolation
 k - 5 scrolls of identify
 o - 8 scrolls of teleportation
 r - 5 scrolls of random uselessness {unknown}
 v - 13 scrolls of remove curse {unknown}
 w - a scroll of enchant weapon
 N - 2 scrolls of fear
 Q - a scroll of magic mapping
 U - 3 scrolls of enchant armour
 V - 2 scrolls of vulnerability
Potions
 e - 2 potions of berserk rage
 f - 2 potions of magic
 p - 3 potions of resistance
 s - 6 potions of might
 z - 6 potions of haste
 C - a potion of flight
 D - 6 potions of curing
 E - a potion of lignification
 K - 3 potions of brilliance
 L - 2 potions of agility
Comestibles
 d - 29 rations
 q - 5 chunks of flesh


   Skills:
 + Level 10.0 Fighting
 + Level 9.7 Short Blades
 + Level 9.7 Long Blades
 + Level 9.7 Axes
 + Level 9.7 Maces & Flails
 + Level 9.7 Polearms
 + Level 9.7 Staves
 + Level 9.7 Slings
 + Level 9.7 Bows
 + Level 9.7 Crossbows
 + Level 9.7 Throwing
 + Level 9.7 Armour
 + Level 10.6 Dodging
 + Level 9.7 Stealth
 + Level 9.7 Shields
 + Level 11.5 Unarmed Combat
 + Level 10.8 Spellcasting
 + Level 8.1 Conjurations
 + Level 8.1 Hexes
 + Level 8.1 Charms
 + Level 8.1 Summonings
 + Level 8.1 Necromancy
 + Level 8.1 Translocations
 + Level 9.0 Transmutations
 + Level 8.1 Fire Magic
 + Level 8.1 Ice Magic
 + Level 8.1 Air Magic
 + Level 8.1 Earth Magic
 + Level 8.1 Poison Magic
 + Level 10.5 Invocations
 + Level 9.7 Evocations


You had 6 spell levels left.
You knew the following spells:

 Your Spells              Type           Power        Failure   Level  Hunger
a - Throw Flame           Conj/Fire      ####..       1%          2    None
b - Airstrike             Air            ####......   9%          4    ###....
h - Regeneration          Chrm/Necr      ####......   2%          3    #......
j - Conjure Flame         Conj/Fire      ####....     2%          3    #......
k - Summon Guardian Gole  Hex/Summ       ####....     2%          3    #......
l - Summon Lightning Spi  Summ/Air       ####....     9%          4    ###....
n - Sticks to Snakes      Tmut           ####....     1%          2    None
p - Shroud of Golubria    Chrm/Tloc      ####..       1%          2    None
u - Spider Form           Tmut/Pois      ####......   1%          3    #......
x - Passwall              Tmut/Erth      ####....     1%          2    None
y - Beastly Appendage     Tmut           ####..       1%          1    None

Your spell library contained the following spells:

 Spells                   Type           Power        Failure   Level  Hunger
 Animate Skeleton         Necr           N/A          1%          1    None
 Flame Tongue             Conj/Fire      ####.        1%          1    None
 Pain                     Necr           ####         1%          1    None
 Shock                    Conj/Air       ####         1%          1    None
 Summon Small Mammal      Summ           ####         1%          1    None
 Blink                    Tloc           N/A          1%          2    None
 Call Imp                 Summ           ####....     1%          2    None
 Swiftness                Chrm/Air       ####....     1%          2    None
 Call Canine Familiar     Summ           ####....     2%          3    #......
 Gell's Gravitas          Tloc           ####......   2%          3    #......
 Inner Flame              Hex/Fire       ####....     2%          3    #......
 Lesser Beckoning         Tloc           ####......   2%          3    #......
 Static Discharge         Conj/Air       ####....     2%          3    #......
 Teleport Other           Tloc           ####....     2%          3    #......
 Vampiric Draining        Necr           ####......   2%          3    #......
 Ice Form                 Ice/Tmut       ####....     7%          4    ###....
 Animate Dead             Necr           N/A          9%          4    ###....
 Passage of Golubria      Tloc           N/A          9%          4    ###....
 Sticky Flame             Conj/Fire      ####....     9%          4    ###....
 Summon Ice Beast         Ice/Summ       ####....     9%          4    ###....
 Blade Hands              Tmut           ####......   16%         5    #####..
 Fireball                 Conj/Fire      ####......   22%         5    #####..
 Lee's Rapid Deconstruct  Erth           ####......   22%         5    #####..
 Lightning Bolt           Conj/Air       ####......   22%         5    #####..
 Darkness                 Hex            ####......   77%         6    ######.
 Invisibility             Hex            ####....     77%         6    ######.


Dungeon Overview and Level Annotations

Branches:
Dungeon (12/15)            Temple (1/1) D:5            Lair (6/6) D:8
 Shoals (0/4) Lair:2        Snake (0/4) Lair:3        Slime (0/5) Lair:6
    Orc (2/2) D:11            Elf (0/3) Orc:2         Sewer (visited)
Volcano (visited)

Altars:
Elyvilon
Fedhas
Gozag
Hepliaklqana
Kikubaaqudgha
Makhleb
Nemelex Xobeh
Okawaru
Qazlal
Sif Muna
Trog
Uskayaw
Vehumet
Xom
Yredelemnul
Zin
The Shining One
Beogh
Jiyva

Shops:
D:12 !   Orc:1 (:   Orc:2 !

Annotations:
D:4 2 transporters
D:12 3 runed translucent doors, Inumik's ghost, journeyman MiBe; Norian's ghost, journeyman DECj; Plog's ghost, journeyman DgVM
Lair:2 2 transporters, Pizzadoos's ghost, journeyman GrFi


Innate Abilities, Weirdness & Mutations

Your experience applies equally to all skills.
You have very sharp teeth.
Your uncanny sense of smell can sniff out nearby items.
You have a pair of small antennae on your head.
You passively map a small area around you.


Message History

Your neqoxec hits the rust devil but does no damage.
The rust devil hits your ynoxinul.
Your ynoxinul seems to be corroded for longer.
Your ynoxinul barely misses the rust devil.
Your ufetubus hits the rust devil.
Your ufetubus hits the rust devil but does no damage.
The orc sorcerer hits your neqoxec with a +0 dagger.
Your hellwing hits the orc high priest! x2
The smoke demon gestures at you. The ball of steam misses you.
The torturous demonspawn hits you with a cursed -3 great sword.
* * * LOW HITPOINT WARNING * * *
Your ufetubus hits the rust devil but does no damage.
Your ufetubus hits the rust devil.
The orc sorcerer gestures at you while chanting.
The bolt of fire hits your neqoxec!! The bolt of fire hits your ynoxinul!!
Your ynoxinul dies!
Your ufetubus disappears in a puff of smoke!
The bolt of fire hits you!!
You die...

#..##....#)..[##))###............
..#*#...###..[###))###...........
.#*#...##,##...###))###.#.....#.#
**#...##,,,##...###..##.......##.
*#...##,,,,,##...###.....)....#..
*...#*,,*,*,,##..)###...)........
,*,##.,*∩,∩*,.##.#.###...........
,,*#..#*,,,*#o.##)).###......<...
,*.*#..#*∩*#..##@#§###...........
*,..*#..###..##)36###...........#
**...*#..#..##34o###.............
*#...*#.4o##o§.###..............
*#...#.#.#4o.###..........)....
*#...5§.(..###................
##.#..)#.###.................
##.....###..................
##(..###..............[....


You could see 2 orc high priests, a torturous demonspawn, a rust devil, a smoke
demon, an orc sorcerer, a friendly hellwing and a friendly neqoxec.

Vanquished Creatures
  Kirke (D:12)
  Gastronok (D:11)
  A stone giant (Volcano)
  4 dire elephants (Lair:6)
  Snorg (Orc:1)
  3 hydras
  A two-headed ogre (D:10)
  A catoblepas (Lair:3)
  3 orc high priests (Orc:2)
  Nergalle (Orc:1)
  An unseen horror (D:12)
  3 orc knights (Orc:2)
  3 orc sorcerers
  3 ugly things (D:11)
  9 elephants (Lair:6)
  Maurice (D:9)
  5 black mambas
  A centaur zombie (D:10)
  A smoke demon (Orc:2)
  Psyche (D:8)
  A torpor snail (Lair:4)
  11 spiny frogs
  2 gargoyles
  An ice statue (Lair:5)
  2 molten gargoyles (Volcano)
  10 rime drakes
  7 komodo dragons
  An efreet (Volcano)
  A freezing wraith (Lair:5)
  5 polar bears
  2 trolls (D:10)
  19 blink frogs
  7 hippogriffs
  8 dream sheep (Lair:6)
  2 spriggans (Lair:4)
  A shadow (D:12)
  A ynoxinul (Orc:2)
  33 yaks
  A hog (D:12)
  A human (D:12)
  2 basilisks
  A fire elemental (Volcano)
  Grum (D:9)
  A hungry ghost (D:7)
  2 fire bats (Volcano)
  A steam dragon (Lair:3)
  4 wargs
  3 nagas (Lair:3)
  7 water moccasins
  8 porcupines
  A swamp drake (D:11)
  A black bear (Lair:4)
  12 ice beasts
  12 orc warriors
  3 sky beasts
  Purgy (Sewer)
  A phantom (D:10)
  A necrophage (D:6)
  4 ogres
  10 centaurs
  20 wolves
  10 crocodiles
  2 big kobolds
  12 bullfrogs
  An earth elemental (Volcano)
  A wyvern zombie (D:11)
  3 scorpions
  A water moccasin skeleton (D:5)
  3 killer bees (D:8)
  5 wights (D:8)
  A howler monkey (D:8)
  3 electric eels (Lair:2)
  A bullfrog zombie (D:10)
  6 crimson imps
  5 lava snakes (Volcano)
  A quasit (D:12)
  2 bullfrog skeletons
  7 hounds
  19 orc priests
  16 orc wizards
  A centaur skeleton (D:4)
  2 jellies
  2 iguanas
  12 worker ants
  3 hound skeletons
  A worker ant zombie (D:6)
  16 adders
  A river rat (D:4)
  2 shadow imps
  4 white imps (Lair:5)
  2 oozes
  2 adder skeletons
  13 worms
  2 dart slugs
  7 leopard geckos
  53 orcs
  14 bats
  10 giant cockroaches
  12 hobgoblins
  6 jackals
  5 quokkas
  3 ball pythons
  5 frilled lizards
  7 goblins
  A jackal zombie (D:6)
  17 kobolds
  A leopard gecko zombie (D:5)
  12 rats
  5 plants
577 creatures vanquished.

Vanquished Creatures (collateral kills)
  The ghost of FishyPogo the Thaumaturge, a journeyman GnSk of Ashenzari (Lair:6)
  2 dire elephants (Lair:6)
  Erica (Orc:1)
  A hydra (Lair:6)
  An anaconda (Lair:6)
  Erolcha (Orc:2)
  2 orc high priests (Orc:2)
  An orc knight (Orc:2)
  A cyclops (D:12)
  An elephant (Lair:6)
  A rust devil (Orc:2)
  An ice devil (Orc:2)
  A red devil (Orc:2)
  A troll (Orc:2)
  4 dream sheep (Lair:6)
  2 hippogriffs
  A ynoxinul (Orc:2)
  4 yaks
  A hog (D:12)
  13 orc warriors
  An ice beast (Lair:5)
  2 ogres
  A crocodile (Lair:6)
  A wight (D:12)
  10 orc priests
  3 orc wizards
  22 orcs
  4 fungi (Lair:5)
85 creatures vanquished.

Vanquished Creatures (others)
  A black mamba (Lair:6)
  A troll (Orc:2)
  A fungus (Lair:2)
  16 plants
19 creatures vanquished.

Grand Total: 681 creatures vanquished

Notes
Turn   | Place    | Note
-------+----------+-------------------------------------------
     0 | D:1      | FishyPogo the Gnoll Transmuter began the quest for the Orb.
     0 | D:1      | Reached XP level 1. HP: 17/17 MP: 6/6
   110 | D:1      | Reached XP level 2. HP: 18/23 MP: 5/7
   395 | D:1      | Reached XP level 3. HP: 26/28 MP: 9/9
   400 | D:1      | Learned a level 3 spell: Spider Form
   403 | D:1      | Learned a level 2 spell: Sticks to Snakes
   549 | D:1      | Reached skill level 5 in Spellcasting
   730 | D:1      | Reached skill level 1 in Invocations
   920 | D:2      | Reached skill level 1 in Short Blades
   920 | D:2      | Reached skill level 1 in Long Blades
   920 | D:2      | Reached skill level 1 in Axes
   920 | D:2      | Reached skill level 1 in Maces & Flails
   920 | D:2      | Reached skill level 1 in Polearms
   920 | D:2      | Reached skill level 1 in Staves
   920 | D:2      | Reached skill level 1 in Slings
   920 | D:2      | Reached skill level 1 in Bows
   920 | D:2      | Reached skill level 1 in Crossbows
   920 | D:2      | Reached skill level 1 in Throwing
   920 | D:2      | Reached skill level 1 in Armour
   920 | D:2      | Reached skill level 1 in Stealth
   920 | D:2      | Reached skill level 1 in Shields
   920 | D:2      | Reached skill level 1 in Evocations
  1055 | D:2      | Reached XP level 4. HP: 34/34 MP: 11/11
  1241 | D:2      | Reached skill level 1 in Conjurations
  1241 | D:2      | Reached skill level 1 in Hexes
  1241 | D:2      | Reached skill level 1 in Charms
  1241 | D:2      | Reached skill level 1 in Summonings
  1241 | D:2      | Reached skill level 1 in Necromancy
  1241 | D:2      | Reached skill level 1 in Translocations
  1241 | D:2      | Reached skill level 1 in Fire Magic
  1241 | D:2      | Reached skill level 1 in Ice Magic
  1241 | D:2      | Reached skill level 1 in Air Magic
  1241 | D:2      | Reached skill level 1 in Earth Magic
  1241 | D:2      | Reached skill level 1 in Poison Magic
  1772 | D:2      | Reached XP level 5. HP: 30/40 MP: 12/12
  2044 | D:3      | Reached XP level 6. HP: 35/47 MP: 5/13
  2452 | D:3      | Found a glowing silver altar of Zin.
  2994 | D:4      | Reached skill level 5 in Dodging
  3045 | D:4      | Found a glowing drain.
  3050 | Sewer    | Entered a sewer
  3081 | Sewer    | Noticed Purgy
  3096 | Sewer    | Killed Purgy
  3215 | D:4      | Reached XP level 7. HP: 22/52 MP: 13/15
  3313 | D:4      | Reached skill level 7 in Unarmed Combat
  3398 | D:4      | Found a transporter.
  3430 | D:4      | Found a transporter.
  3976 | D:5      | Entered Level 5 of the Dungeon
  4150 | D:5      | Found a staircase to the Ecumenical Temple.
  4157 | Temple   | Entered the Ecumenical Temple
  4261 | Temple   | Became a worshipper of Makhleb the Destroyer
  4681 | D:5      | Reached XP level 8. HP: 60/60 MP: 13/16
  4779 | D:5      | Found the +10 morningstar "Eos" {elec, Halo rElec}
  5171 | D:6      | Got a spiked scale mail
  5183 | D:6      | Reached * piety under Makhleb
  5195 | D:6      | Learned a level 3 spell: Conjure Flame
  5198 | D:6      | Learned a level 2 spell: Throw Flame
  5517 | D:7      | Reached XP level 9. HP: 57/66 MP: 18/18
  5648 | D:7      | Reached skill level 5 in Transmutations
  5740 | D:7      | Identified the +3 scale mail of the Unstoppable Scars {rN++
                  | MP+9 Int-4 Stlth+} (You found it on level 6 of the Dungeon)
  6429 | D:7      | Reached skill level 5 in Fighting
  6700 | D:8      | Reached skill level 8 in Unarmed Combat
  6763 | D:8      | Found a staircase to the Lair.
  6765 | D:8      | Found a basalt altar of Yredelemnul.
  6773 | D:8      | Reached skill level 5 in Invocations
  6788 | D:8      | Reached ** piety under Makhleb
  6834 | D:8      | You fall into a shaft and drop 2 floors!
  6834 | D:10     | Entered Level 10 of the Dungeon
  6852 | D:10     | Reached XP level 10. HP: 74/74 MP: 20/20
  6943 | D:9      | Noticed Grum
  6982 | D:9      | Killed Grum
  6982 | D:9      | Reached skill level 5 in Short Blades
  6982 | D:9      | Reached skill level 5 in Long Blades
  6982 | D:9      | Reached skill level 5 in Axes
  6982 | D:9      | Reached skill level 5 in Maces & Flails
  6982 | D:9      | Reached skill level 5 in Polearms
  6982 | D:9      | Reached skill level 5 in Staves
  6982 | D:9      | Reached skill level 5 in Slings
  6982 | D:9      | Reached skill level 5 in Bows
  6982 | D:9      | Reached skill level 5 in Crossbows
  6982 | D:9      | Reached skill level 5 in Throwing
  6982 | D:9      | Reached skill level 5 in Armour
  6982 | D:9      | Reached skill level 5 in Stealth
  6982 | D:9      | Reached skill level 5 in Shields
  6982 | D:9      | Reached skill level 5 in Evocations
  6993 | D:9      | Found a shimmering blue altar of Sif Muna.
  7280 | D:8      | Noticed Psyche
  7289 | D:8      | Paralysed by Psyche for 7 turns
  7290 | D:8      | Killed Psyche
  7687 | D:9      | Reached *** piety under Makhleb
  7752 | D:9      | Noticed Maurice
  7760 | D:9      | Killed Maurice
  8647 | D:10     | Noticed a two-headed ogre
  8650 | D:10     | Reached XP level 11. HP: 78/82 MP: 22/22
  8656 | D:10     | Killed a two-headed ogre
  9262 | D:11     | Noticed a red ugly thing
  9265 | D:11     | Noticed Gastronok
  9272 | D:11     | Killed a red ugly thing
  9272 | D:11     | Reached skill level 9 in Unarmed Combat
  9282 | D:11     | Killed Gastronok
  9282 | D:11     | Reached skill level 5 in Conjurations
  9282 | D:11     | Reached skill level 5 in Hexes
  9282 | D:11     | Reached skill level 5 in Charms
  9282 | D:11     | Reached skill level 5 in Summonings
  9282 | D:11     | Reached skill level 5 in Necromancy
  9282 | D:11     | Reached skill level 5 in Translocations
  9282 | D:11     | Reached skill level 5 in Fire Magic
  9282 | D:11     | Reached skill level 5 in Ice Magic
  9282 | D:11     | Reached skill level 5 in Air Magic
  9282 | D:11     | Reached skill level 5 in Earth Magic
  9282 | D:11     | Reached skill level 5 in Poison Magic
  9531 | D:11     | Noticed a cyan ugly thing
  9644 | Lair:1   | Entered Level 1 of the Lair of Beasts
  9799 | Lair:1   | Got a jet-encrusted ring mail
  9810 | Lair:1   | Identified the +1 ring mail of Wu Jian's Pride {*Slow rN+
                  | MR+ Str+4} (You found it on level 1 of the Lair of Beasts)
  9902 | Lair:1   | Learned a level 3 spell: Regeneration
  9978 | Lair:1   | Reached **** piety under Makhleb
  9978 | Lair:1   | Reached XP level 12. HP: 87/91 MP: 24/24
 10787 | Lair:2   | Found a staircase to the Shoals.
 10849 | Lair:2   | Noticed a four-headed hydra
 10856 | Lair:2   | Killed a four-headed hydra
 10995 | Lair:2   | Noticed Pizzadoos's ghost (journeyman GrFi)
 11020 | Lair:2   | Found a transporter.
 11024 | Lair:2   | Found a transporter.
 11524 | Lair:3   | Reached skill level 10 in Unarmed Combat
 11618 | Lair:3   | Noticed a catoblepas
 11659 | Lair:3   | Killed a catoblepas
 11885 | Lair:3   | Reached ***** piety under Makhleb
 11936 | Lair:3   | Reached XP level 13. HP: 96/98 MP: 26/26
 11948 | Lair:3   | Found a staircase to the Snake Pit.
 12127 | Lair:3   | Found a hide-covered altar of Uskayaw.
 13931 | Lair:5   | Got a shimmering jade ring
 13931 | Lair:5   | Identified the ring "Gunijean" {-Tele +Fly rPois EV+3
                  | Stlth+} (You found it on level 5 of the Lair of Beasts)
 14200 | Lair:5   | Learned a level 4 spell: Summon Lightning Spire
 14503 | Lair:6   | Entered Level 6 of the Lair of Beasts
 14549 | Lair:6   | Reached ****** piety under Makhleb
 14651 | Lair:6   | Reached skill level 10 in Spellcasting
 14683 | Lair:6   | Found a dark tunnel.
 14690 | Volcano  | Entered a volcano
 14858 | Volcano  | Reached XP level 14. HP: 102/108 MP: 28/28
 14908 | Volcano  | Found a radiant altar of Vehumet.
 14932 | Volcano  | Noticed a stone giant
 14946 | Volcano  | Killed a stone giant
 15222 | Lair:6   | Reached skill level 10 in Dodging
 15291 | Lair:6   | Learned a level 4 spell: Airstrike
 15399 | Lair:6   | Found a runed translucent gate.
 15399 | Lair:6   | Found a runed translucent gate.
 15400 | Lair:6   | Got a smoking falchion
 15403 | Lair:6   | Found a runed translucent gate.
 15404 | Lair:6   | Identified the +7 falchion of Capital Punishment {slice,
                  | rN++} (You found it on level 6 of the Lair of Beasts)
 15406 | Lair:6   | Noticed FishyPogo's ghost (journeyman GnSk)
 15449 | Lair:6   | Killed FishyPogo's ghost
 15449 | Lair:6   | Reached skill level 11 in Unarmed Combat
 15458 | Lair:6   | Identified a scroll of acquirement
 15704 | Lair:6   | Found a viscous altar of Jiyva.
 15704 | Lair:6   | Found a staircase to the Slime Pits.
 16127 | Lair:6   | Noticed a dire elephant
 16127 | Lair:6   | Noticed a dire elephant
 16130 | Lair:6   | Noticed a dire elephant
 16230 | Lair:6   | Killed a dire elephant
 16235 | Lair:6   | Killed a dire elephant
 16245 | Lair:6   | Killed a dire elephant
 16290 | Lair:6   | Learned a level 2 spell: Passwall
 16337 | Lair:6   | Noticed a dire elephant
 16360 | Lair:6   | Killed a dire elephant
 16396 | Lair:6   | Noticed a dire elephant
 16405 | Lair:6   | Killed a dire elephant
 16406 | Lair:6   | Noticed a dire elephant
 16421 | Lair:6   | Killed a dire elephant
 16421 | Lair:6   | Reached skill level 10 in Invocations
 16753 | D:12     | Found Kire's Distillery.
 16759 | D:12     | Bought a potion of curing for 30 gold pieces
 16759 | D:12     | Bought a potion of might for 40 gold pieces
 16759 | D:12     | Bought a potion of curing for 30 gold pieces
 16759 | D:12     | Bought a potion of might for 40 gold pieces
 16759 | D:12     | Bought a potion of curing for 30 gold pieces
 16759 | D:12     | Bought a potion of curing for 30 gold pieces
 16870 | D:12     | Gained mutation: You passively map a small area around you.
                  | [potion of mutation]
 16870 | D:12     | Gained mutation: You have a pair of small antennae on your
                  | head. [potion of mutation]
 16898 | D:12     | Found a runed translucent gate.
 16898 | D:12     | Found a runed translucent gate.
 16898 | D:12     | Found a runed translucent gate.
 16898 | D:12     | Noticed Norian's ghost (journeyman DECj)
 16898 | D:12     | Noticed Inumik's ghost (journeyman MiBe)
 16898 | D:12     | Noticed Plog's ghost (journeyman DgVM)
 17041 | D:12     | Noticed Kirke
 17062 | D:12     | Killed Kirke
 17508 | D:11     | Found a staircase to the Orcish Mines.
 17890 | Orc:1    | Entered Level 1 of the Orcish Mines
 17899 | Orc:1    | Noticed Snorg
 17925 | Orc:1    | Killed Snorg
 17927 | Orc:1    | Noticed Erica
 17937 | Orc:1    | Noticed Nergalle
 17957 | Orc:1    | Killed Nergalle
 17960 | Orc:1    | Killed Erica
 18122 | Orc:1    | Found Xedo's Antique Weapon Boutique.
 18233 | Orc:1    | Found Anuut's Book Shoppe.
 18290 | Orc:1    | Found a roughly hewn altar of Beogh.
 18401 | Orc:2    | Entered Level 2 of the Orcish Mines
 18447 | Orc:2    | Found a flickering gateway to a bazaar.
 18456 | Bazaar   | Entered a bazaar
 18470 | Bazaar   | Found Qalopevy's Book Shoppe.
 18485 | Bazaar   | Found Ceutept's Weapon Shoppe.
 18485 | Bazaar   | Found Jecsun's Antique Armour Emporium.
 18506 | Bazaar   | Found Larchop's Weapon Emporium.
 18553 | Bazaar   | Bought a twisted buckler for 285 gold pieces
 18553 | Bazaar   | Bought a steaming ring mail for 270 gold pieces
 18563 | Bazaar   | Identified the cursed +0 buckler "Boiquhie" {+Blink Str+6}
                  | (You bought it in a shop in a bazaar)
 18574 | Bazaar   | Identified the +1 ring mail "Don Taad" {rElec Int+6 Stlth+}
                  | (You bought it in a shop in a bazaar)
 18797 | Orc:2    | Found a staircase to the Elven Halls.
 18952 | Orc:2    | Found Pisuifets's Distillery.
 18959 | Orc:2    | Found Zeidgh's General Store.
 19010 | Orc:2    | HP: 1/109 [burnt (6)]
 19183 | Orc:2    | Bought a potion of curing for 33 gold pieces
 19183 | Orc:2    | Bought a potion of heal wounds for 55 gold pieces
 19183 | Orc:2    | Bought a potion of haste for 110 gold pieces
 19317 | Orc:2    | Noticed Erolcha
 19329 | Orc:2    | Killed Erolcha
 19329 | Orc:2    | Reached XP level 15. HP: 115/115 MP: 29/29
 19447 | Orc:2    | Reached skill level 10 in Fighting
 19476 | Orc:2    | Paralysed by an orc sorcerer for 3 turns
 19564 | Orc:2    | Learned a level 2 spell: Shroud of Golubria
 19568 | Orc:2    | Learned a level 3 spell: Summon Guardian Golem
 19639 | Orc:2    | Killed from afar by an orc sorcerer

Levels and vault maps discovered:
D:1:      dpeg_arrival_prison, layout_loops_ring, chequers_serial_rivers_micro_b
D:2:      layout_basic, hangedman_decor_growths, minivault_24,
          roderic_filled_cross, grunt_ministairs_9
D:3:      layout_basic, lemuel_round_altar
D:4:      gammafunk_cloud_chamber, layout_loops_ring, lightli_sewer_entry_pipes,
          chequers_arboretum
D:5:      layout_basic, temple_green, first_ration
D:6:      layout_basic
D:7:      layout_basic
D:8:      layout_basic, erik_lair_orcish_takeover, basic_altar, uniq_psyche
D:9:      layout_gridville, led_sif_book, uniq_grum, uniq_maurice
D:10:     layout_irregular_city
D:11:     layout_loops_ring, erik_orc_1, uniq_gastronok
D:12:     layout_roguey, gammafunk_ghost_cemetery, serial_shops,
          nicolae_shop_behind_doors, st_stairs_4, kennysheep_generic_room_10,
          uniq_kirke
Temple:   kilobyte_greek_temple
Lair:1:   layout_chaotic_city
Lair:2:   layout_regular_city, elwin_shoals_entry_rocks, serial_bayou,
          serial_bayou_pond_b, serial_bayou_pond_a, serial_bayou_pond_e,
          serial_bayou_shore_a, serial_bayou_pond_b, gammafunk_ghost_hive
Lair:3:   layout_cave_pods, guppyfry_snake_entry_garden, lemuel_centaur_altar,
          serial_bayou_shore_b
Lair:4:   layout_regular_city, serial_bayou_pond_a, minmay_hedge_maze,
          forest_entry_grove
Lair:5:   layout_regular_city, ice2_lemuel, grunt_megastairs_3
Lair:6:   due_jungle_book, layout_regular_city, dpeg_slime_entry_enclosed_altar,
          ebering_ghost_rock_garden, enter_volcano_2,
          chequers_serial_rivers_marsh
Orc:1:    layout_caves, basic_altar, serial_shops, shop,
          nicolae_shop_behind_doors, uniq_snorg, uniq_nergalle, uniq_urug,
          uniq_erica
Orc:2:    pf_orc_diabolical, layout_caves, serial_shops, bzr_firewalk,
          mines2_lemuel, uniq_donald, uniq_erolcha

Skill      XL: |  1  2  3  4  5  6  7  8  9 10 11 12 13 14 15 |
---------------+----------------------------------------------+-----
Spellcasting   | 5 6 7 8 9 10 | 10.8
Invocations    | 1 2 3 4 5 6 7 8 9 10 | 10.5
Short Blades   | 1 2 3 4 5 6 7 8 9 |  9.7
Long Blades    | 1 2 3 4 5 6 7 8 9 |  9.7
Axes           | 1 2 3 4 5 6 7 8 9 |  9.7
Maces & Flails | 1 2 3 4 5 6 7 8 9 |  9.7
Polearms       | 1 2 3 4 5 6 7 8 9 |  9.7
Staves         | 1 2 3 4 5 6 7 8 9 |  9.7
Slings         | 1 2 3 4 5 6 7 8 9 |  9.7
Bows           | 1 2 3 4 5 6 7 8 9 |  9.7
Crossbows      | 1 2 3 4 5 6 7 8 9 |  9.7
Throwing       | 1 2 3 4 5 6 7 8 9 |  9.7
Armour         | 1 2 3 4 5 6 7 8 9 |  9.7
Stealth        | 1 2 3 4 5 6 7 8 9 |  9.7
Shields        | 1 2 3 4 5 6 7 8 9 |  9.7
Evocations     | 1 2 3 4 5 6 7 8 9 |  9.7
Conjurations   | 1 2 3 4 5 6 7 8 |  8.1
Hexes          | 1 2 3 4 5 6 7 8 |  8.1
Charms         | 1 2 3 4 5 6 7 8 |  8.1
Summonings     | 1 2 3 4 5 6 7 8 |  8.1
Necromancy     | 1 2 3 4 5 6 7 8 |  8.1
Translocations | 1 2 3 4 5 6 7 8 |  8.1
Fire Magic     | 1 2 3 4 5 6 7 8 |  8.1
Ice Magic      | 1 2 3 4 5 6 7 8 |  8.1
Air Magic      | 1 2 3 4 5 6 7 8 |  8.1
Earth Magic    | 1 2 3 4 5 6 7 8 |  8.1
Poison Magic   | 1 2 3 4 5 6 7 8 |  8.1
Fighting       | 3 4 5 6 7 8 9 10 | 10.0
Transmutations | 4 5 6 7 8 9 |  9.0
Dodging        | 5 6 7 8 9 10 | 10.6
Unarmed Combat | 7 8 9 10 11 | 11.5

Action                   |  1- 3 |  4- 6 |  7- 9 | 10-12 | 13-15 || total
-------------------------+-------+-------+-------+-------+-------++-------
Melee: Unarmed           |    78 |   172 |    48 |    36 |    28 ||   362
       Headbutt          |     6 |    11 |     6 |       |     2 ||    25
       Kick              |     9 |    11 |       |    12 |    20 ||    52
       Bite              |     3 |    10 |    26 |    40 |    79 ||   158
       Punch             |     1 |     3 |     6 |     2 |       ||    12
       Whip              |       |    79 |   113 |       |       ||   192
       Morningstar       |       |       |   116 |   374 |   516 ||  1006
       Falchion          |       |       |       |       |    67 ||    67
       Scimitar          |       |       |       |       |    20 ||    20
Throw: Stone             |     1 |    10 |       |       |       ||    11
       Dart              |       |     1 |    17 |     1 |    38 ||    57
       Boomerang         |       |       |     5 |     7 |    39 ||    51
 Cast: Beastly Appendage |    18 |    18 |     4 |     7 |     6 ||    53
       Spider Form       |       |    17 |    14 |     4 |     2 ||    37
       Throw Flame       |       |       |     1 |     1 |    28 ||    30
       Sticks to Snakes  |       |       |       |     1 |     3 ||     4
       Regeneration      |       |       |       |     7 |    29 ||    36
       Summon Lightning  |       |       |       |       |    63 ||    63
       Conjure Flame     |       |       |       |       |     4 ||     4
       Summon Guardian G |       |       |       |       |     1 ||     1
Invok: Lesser Servant of |       |       |       |     3 |    22 ||    25
       Minor Destruction |       |       |       |     1 |    24 ||    25
       Greater Servant o |       |       |       |       |     2 ||     2
 Abil: End Transformatio |       |     2 |     2 |       |     2 ||     6
       Evoke Flight      |       |       |       |       |     2 ||     2
Evoke: Wand              |       |       |       |       |     1 ||     1
  Use: Scroll            |       |     4 |       |    12 |    12 ||    28
       Potion            |       |       |     1 |       |    11 ||    12
 Stab: Sleeping          |     2 |     7 |     4 |     2 |    10 ||    25
       Distracted        |       |       |       |       |    10 ||    10
  Eat: Chunk             |       |     9 |    10 |    17 |    36 ||    72
       Ration            |       |       |     1 |       |       ||     1
Armor: Robe              |     3 |    37 |    24 |       |     1 ||    65
       Skin              |       |     4 |     1 |     1 |     1 ||     7
       Scale mail        |       |       |    32 |   122 |   209 ||   363
Dodge: Dodged            |    38 |   179 |   220 |   393 |   527 ||  1357
Block: Buckler           |       |       |       |    73 |   173 ||   246
       Rpst.: Falchion   |       |       |       |       |    10 ||    10
       Scimitar          |       |       |       |       |     2 ||     2
